Map: Newkirk Precinct TE

Players

LyFe - Winner!

  • Race: Protoss Protoss
  • League: Platinum
  • Spawn Location: 5:00

LonelySpork

  • Race: Protoss Protoss
  • Spawn Location: 7:00

VOD

Have the link to the VOD?

Description

Time

  • Played on: May 6, 2017, 1:41 p.m.
  • Length: 7:00
Show
View Real Time Build Order
Export as new Build Order

LyFe Protoss - Winner!

Build Orders: Oracle Opening 

Get SALT Encoding   

  12  0:02  Probe (Chrono Boost)  
  13  0:13  Probe (Chrono Boost)  
  14  0:25  Pylon  
  14  0:27  Probe (Chrono Boost)  
  15  0:43  Probe (Chrono Boost), Assimilator  
  15  0:49  Gateway  
  16  0:53  Probe (Chrono Boost)  
  18  1:04  Probe (Chrono Boost)  
  18  1:15  Probe (Chrono Boost)  
  18  1:17  Pylon  
  19  1:25  Probe (Chrono Boost)  
  20  1:28  Assimilator  
  20  1:37  Cybernetics Core  
  20  1:41  Probe (Chrono Boost)  
  21  1:51  Probe (Chrono Boost)  
  22  1:54  Zealot  
  22  2:00  Pylon  
  24  2:02  Probe (Chrono Boost)  
  24  2:13  Gateway  
  24  2:17  Stargate  
  24  2:24  Warp Gate  
  24  2:28  Adept  
  26  2:35  Pylon, Probe (Chrono Boost)  
  27  2:47  Probe (Chrono Boost)  
  28  2:56  Adept  
  30  3:01  Oracle  
  30  3:04  Adept  
  35  3:15  Probe (Chrono Boost)  
  35  3:17  Pylon  
  37  3:27  Probe (Chrono Boost)  
  37  3:31  Adept  
  39  3:37  Oracle  
  42  3:44  Probe (Chrono Boost)  
  42  3:45  Adept  
  45  3:50  Pylon  
  44  4:20  Oracle  
  30  4:54  Adept x2  
  25  5:43  Probe (Chrono Boost)  
  23  5:55  Probe (Chrono Boost)  
  22  5:58  Oracle  
  22  5:59  Adept  
  22  6:00  Zealot  
  29  6:06  Gateway  
  29  6:07  Probe (Chrono Boost)  
  30  6:39  Zealot x2  
  34  6:42  Probe (Chrono Boost)  
Show
View Real Time Build Order
Export as new Build Order

LonelySpork Protoss 

Build Orders:  

Get SALT Encoding   

  12  0:04  Probe (Chrono Boost)  
  13  0:16  Probe (Chrono Boost)  
  13  0:21  Pylon  
  14  0:26  Probe (Chrono Boost)  
  15  0:40  Probe (Chrono Boost)  
  16  0:43  Gateway  
  16  0:46  Assimilator  
  16  0:52  Probe (Chrono Boost)  
  17  1:01  Assimilator  
  17  1:03  Probe (Chrono Boost)  
  18  1:13  Probe (Chrono Boost)  
  18  1:16  Gateway  
  19  1:24  Pylon  
  19  1:32  Zealot  
  21  1:34  Probe (Chrono Boost)  
  22  1:46  Pylon  
  22  2:12  Probe (Chrono Boost)  
  22  2:13  Cybernetics Core  
  23  2:20  Gateway  
  23  2:27  Pylon  
  23  2:30  Probe (Chrono Boost)  
  24  2:51  Warp Gate  
  24  2:53  Adept x2  
  28  3:09  Adept  
  30  3:18  Nexus  
  30  3:28  Adept  
  30  3:32  Probe (Chrono Boost)  
  33  3:52  Adept  
  33  3:54  Mothership Core (Chrono Boost)  
  37  4:00  Gateway  
  27  4:17  Adept  
  29  4:35  Adept  
  31  4:46  Stalker  
  24  4:58  Stalker  
  12  5:08  Probe (Chrono Boost)  
  7  5:35  Probe (Chrono Boost)  
  5  6:06  Probe (Chrono Boost)  
  6  6:17  Probe (Chrono Boost)  
  5  6:37  Probe (Chrono Boost)  
Tags
 
Add a new tag
Caveats
  • Supply blocks, unpowered buildings, or Contaminate may cause inaccurate times.
  • Supply counts are checked every 10 seconds.